XFBL
ATLANTA BRAVES @ PITTSBURGH PIRATES
07/23/1982
 
TOP OF THE 1ST
Atlanta Braves batting - Pitching for Pittsburgh Pirates : RHP Kelly Downs
Pitching: RHP Kelly Downs
Batting: RHB Gil Flores 0-0: SINGLE (Groundball, 4MD, EV 105.6 MPH)
Batting: SHB Tony Fernandez 0-0: Ball
1-0: Called Strike
1-1: Foul Ball, location: 2F
1-2: SINGLE (Groundball, 34D, EV 99.4 MPH)
Gil Flores to second
Runner from 2nd tries for 3rd, SAFE, throw by RF made to third
Batting: LHB Leon Durham 0-0: Ball
1-0: Called Strike
1-1: 3-RUN HOME RUN (Line Drive, 89XD, EV 96.9 MPH), Distance : 413 ft
Batting: LHB Bobby Murcer 0-0: Called Strike
0-1: Called Strike
0-2: Ball
1-2: Ball
2-2: Strikes out swinging
Batting: LHB Mike Scioscia 0-0: Called Strike
0-1: Ball
1-1: Swinging Strike
1-2: Ball
2-2: Ball
3-2: Ground out 4-3 (Groundball, 4, EV 85.6 MPH)
Batting: LHB Mike Hargrove 0-0: Called Strike
0-1: Ball
1-1: Ball
2-1: Called Strike
2-2: Strikes out swinging
Top of the 1st over - 3 runs, 3 hits, 0 errors, 0 left on base; Atlanta 3 - Pittsburgh 0
BOTTOM OF THE 1ST
Pittsburgh Pirates batting - Pitching for Atlanta Braves : LHP Randy Lerch
Pitching: LHP Randy Lerch
Batting: RHB Dan Gladden 0-0: Called Strike
0-1: Ball
1-1: Ball
2-1: SINGLE (Groundball, 56D, EV 99.4 MPH)
Batting: SHB Chili Davis 0-0: Ball
1-0: Foul Ball, location: 2F
1-1: Ball
2-1: Foul Ball, location: 2F
2-2: Ball
3-2: Fly out, F8 (Flyball, 78D, EV 91.9 MPH)
Batting: RHB Rennie Stennett 0-0: Grounds into double play, 5-4-3 (Groundball, 5, EV 102.5 MPH)
Bottom of the 1st over - 0 runs, 1 hit, 0 errors, 0 left on base; Atlanta 3 - Pittsburgh 0
TOP OF THE 2ND
Atlanta Braves batting - Pitching for Pittsburgh Pirates : RHP Kelly Downs
Batting: LHB Joe L Morgan 0-0: Ball
1-0: Swinging Strike
1-1: Called Strike
1-2: Ball
2-2: Ball
3-2: Foul Ball, location: 2F
3-2: Ground out 3-1 (Groundball, 23, EV 88.8 MPH)
Batting: RHB Craig Kusick 0-0: Called Strike
0-1: Swinging Strike
0-2: Strikes out swinging
Batting: LHB Randy Lerch 0-0: Called Strike
0-1: Ball
1-1: Foul Ball, location: 2F
1-2: Ball
2-2: Strikes out swinging
Top of the 2nd over - 0 runs, 0 hits, 0 errors, 0 left on base; Atlanta 3 - Pittsburgh 0
BOTTOM OF THE 2ND
Pittsburgh Pirates batting - Pitching for Atlanta Braves : LHP Randy Lerch
Batting: LHB Robert Lopez 0-0: Ball
1-0: Ball
2-0: Called Strike
2-1: SINGLE (Line Drive, 56, EV 101.9 MPH)
Batting: LHB Greg Walker 0-0: Ball
Robert Lopez is caught stealing 2nd base 2-6
1-0: Foul Ball, location: 2F
1-1: Foul Ball, location: 2F
1-2: DOUBLE (Groundball, 3L, EV 104.4 MPH)
Batting: RHB Mike C Brown 0-0: Ball
1-0: Fly out, F5 (Popup, 56S, EV 78.1 MPH)
Batting: SHB John Shelby 0-0: Called Strike
0-1: Ball
1-1: Swinging Strike
1-2: Fly out, F8 (Flyball, 8LXD, EV 83.1 MPH)
Bottom of the 2nd over - 0 runs, 2 hits, 0 errors, 1 left on base; Atlanta 3 - Pittsburgh 0
TOP OF THE 3RD
Atlanta Braves batting - Pitching for Pittsburgh Pirates : RHP Kelly Downs
Batting: RHB Gil Flores 0-0: Foul Ball, location: 2F
0-1: Called Strike
0-2: Ball
1-2: Fly out, F8 (Line Drive, 8LM, EV 85.0 MPH)
Batting: SHB Tony Fernandez 0-0: Ground out 6-3 (Groundball, 6, EV 96.3 MPH)
Batting: LHB Leon Durham 0-0: Called Strike
0-1: SINGLE (Groundball, 34D, EV 110.0 MPH)
Batting: LHB Bobby Murcer 0-0: Ball
1-0: Ball
2-0: Ball
3-0: Called Strike
3-1: Swinging Strike
3-2: Strikes out swinging
Top of the 3rd over - 0 runs, 1 hit, 0 errors, 1 left on base; Atlanta 3 - Pittsburgh 0
BOTTOM OF THE 3RD
Pittsburgh Pirates batting - Pitching for Atlanta Braves : LHP Randy Lerch
Batting: SHB Ron Oester 0-0: Ball
1-0: Ball
2-0: Ball
3-0: Called Strike
3-1: Foul Ball, location: 2F
3-2: SINGLE (Groundball, 4MD, EV 94.4 MPH)
Batting: RHB Kelly Downs 0-0: Bunted foul
0-1: Bunted foul
0-2: Sac Bunt to P - play at first, batter OUT! 1-4
Ron Oester to second
Batting: RHB Dan Gladden 0-0: Foul Ball, location: 2F
0-1: Bunted foul
0-2: Strikes out swinging
Batting: SHB Chili Davis 0-0: Ball
1-0: SINGLE (Groundball, 6M, EV 81.9 MPH) (infield hit)
Ron Oester to third
Batting: RHB Rennie Stennett 0-0: Ball
1-0: Fly out, F7 (Flyball, 8LM, EV 91.3 MPH)
Bottom of the 3rd over - 0 runs, 2 hits, 0 errors, 2 left on base; Atlanta 3 - Pittsburgh 0
TOP OF THE 4TH
Atlanta Braves batting - Pitching for Pittsburgh Pirates : RHP Kelly Downs
Batting: LHB Mike Scioscia 0-0: Ball
1-0: Ball
2-0: Ball
3-0: Base on Balls
Batting: LHB Mike Hargrove 0-0: Called Strike
0-1: Foul Ball, location: 2F
0-2: Foul Ball, location: 2F
0-2: Ball
1-2: Ball
2-2: Ball
3-2: Fly out, F4 (Line Drive, 4, EV 70.6 MPH)
Batting: LHB Joe L Morgan 0-0: Ball
1-0: Foul Ball, location: 2F
1-1: Ball
2-1: Foul Ball, location: 2F
2-2: Foul Ball, location: 2F
2-2: Foul Ball, location: 2F
2-2: Foul Ball, location: 2F
2-2: Fly out, F5 (Line Drive, 5, EV 77.5 MPH)
Batting: RHB Craig Kusick 0-0: Ball
Mike Scioscia steals 2nd, throwing error, E2
Mike Scioscia to third
1-0: Intentional Walk
Batting: LHB Randy Lerch 0-0: Ball
1-0: Foul Ball, location: 2F
1-1: Ball
2-1: Foul Ball, location: 2F
2-2: Fly out, F5 (Flyball, 5D, EV 84.4 MPH)
Top of the 4th over - 0 runs, 0 hits, 1 error, 2 left on base; Atlanta 3 - Pittsburgh 0
BOTTOM OF THE 4TH
Pittsburgh Pirates batting - Pitching for Atlanta Braves : LHP Randy Lerch
Batting: LHB Robert Lopez 0-0: Ball
1-0: SINGLE (Line Drive, 7LS, EV 88.1 MPH)
Batting: LHB Greg Walker 0-0: Ball
1-0: Fly out, F6 (Popup, 6S, EV 74.4 MPH)
Batting: RHB Mike C Brown 0-0: Called Strike
0-1: Ball
1-1: SINGLE (Line Drive, 7S, EV 109.4 MPH)
Robert Lopez to second
Batting: SHB John Shelby 0-0: Called Strike
0-1: Ball
1-1: Fielders Choice at 2nd, 3-6 (Groundball, 3, EV 88.8 MPH)
Robert Lopez to third
Batting: SHB Ron Oester 0-0: Ball
1-0: Called Strike
1-1: DOUBLE (Line Drive, 78D, EV 100.6 MPH)
Robert Lopez scores
John Shelby to third
Runner from 3rd tries for Home, SAFE, no throw by LF
Batting: RHB Kelly Downs 0-0: SINGLE (Line Drive, 89S, EV 107.5 MPH)
Ron Oester to third
Runner from 3rd tries for Home, SAFE, throw by CF to home
Kelly Downs to second
Batting: RHB Dan Gladden 0-0: Ball
1-0: Called Strike
1-1: Called Strike
1-2: Ball
2-2: Fly out, F6 (Line Drive, 6, EV 61.9 MPH)
Bottom of the 4th over - 3 runs, 4 hits, 0 errors, 1 left on base; Atlanta 3 - Pittsburgh 3
TOP OF THE 5TH
Atlanta Braves batting - Pitching for Pittsburgh Pirates : RHP Kelly Downs
Batting: RHB Gil Flores 0-0: Ball
1-0: Called Strike
1-1: Ball
2-1: Called Strike
2-2: Foul Ball, location: 2F
2-2: Strikes out swinging
Batting: SHB Tony Fernandez 0-0: Called Strike
0-1: Fly out, F4 (Popup, 34S, EV 76.9 MPH)
Batting: LHB Leon Durham 0-0: Ball
1-0: Ball
2-0: Fly out, F8 (Line Drive, 8LM, EV 107.5 MPH)
Top of the 5th over - 0 runs, 0 hits, 0 errors, 0 left on base; Atlanta 3 - Pittsburgh 3
BOTTOM OF THE 5TH
Pittsburgh Pirates batting - Pitching for Atlanta Braves : LHP Randy Lerch
Batting: SHB Chili Davis 0-0: Called Strike
0-1: Fly out, F9 (Flyball, 9LM, EV 78.1 MPH)
Batting: RHB Rennie Stennett 0-0: Ball
1-0: Called Strike
1-1: Fly out, F7 (Flyball, 78D, EV 99.4 MPH)
Batting: LHB Robert Lopez 0-0: Fly out, F9 (Flyball, 89D, EV 93.8 MPH)
Bottom of the 5th over - 0 runs, 0 hits, 0 errors, 0 left on base; Atlanta 3 - Pittsburgh 3
TOP OF THE 6TH
Atlanta Braves batting - Pitching for Pittsburgh Pirates : RHP Kelly Downs
Batting: LHB Bobby Murcer 0-0: Ball
1-0: Ball
2-0: Ball
3-0: Called Strike
3-1: Base on Balls
Batting: LHB Mike Scioscia 0-0: Swinging Strike
0-1: Ball
1-1: Ball
2-1: Called Strike
2-2: Foul Ball, location: 2F
2-2: Ball
3-2: Base on Balls
Bobby Murcer to second
Batting: LHB Mike Hargrove 0-0: Called Strike
0-1: Ball
1-1: Swinging Strike
1-2: Foul Ball, location: 2F
1-2: Foul Ball, location: 2F
1-2: Ball
2-2: Ball
3-2: Strikes out looking
Batting: LHB Joe L Morgan 0-0: Fly out, F7 (Flyball, 7LD, EV 96.3 MPH)
Batting: RHB Craig Kusick 0-0: Ball
1-0: Ball
2-0: Ball
3-0: Called Strike
3-1: Base on Balls
Bobby Murcer to third
Mike Scioscia to second
Batting: LHB Randy Lerch 0-0: Foul Ball, location: 2F
0-1: Ball
1-1: Ball
2-1: Ball
3-1: Foul Ball, location: 2F
3-2: Base on Balls
Bobby Murcer scores
Mike Scioscia to third
Craig Kusick to second
Batting: RHB Gil Flores 0-0: Foul Ball, location: 2F
0-1: Ball
1-1: Foul Ball, location: 2F
1-2: Ball
2-2: Fly out, F7 (Line Drive, 7, EV 98.1 MPH)
Top of the 6th over - 1 run, 0 hits, 0 errors, 3 left on base; Atlanta 4 - Pittsburgh 3
BOTTOM OF THE 6TH
Pittsburgh Pirates batting - Pitching for Atlanta Braves : LHP Randy Lerch
Batting: LHB Greg Walker 0-0: Ball
1-0: DOUBLE (Line Drive, 5D, EV 107.5 MPH)
Batting: RHB Mike C Brown 0-0: Ball
1-0: Ball
2-0: Foul Ball, location: 2F
2-1: Ground out 4-3 (Groundball, 4MS, EV 86.3 MPH)
Greg Walker to third
Batting: SHB John Shelby 0-0: Called Strike
0-1: Ball
1-1: Ball
2-1: Swinging Strike
2-2: Foul Ball, location: 2F
2-2: Ball
3-2: SINGLE (Groundball, 3L, EV 98.1 MPH) (infield hit)
Greg Walker scores
Batting: SHB Ron Oester 0-0: Ball
1-0: Called Strike
1-1: Ball
2-1: Fly out, F9 (Flyball, 89S, EV 71.3 MPH)
Pinch Hitting: RHB William Max 0-0: Called Strike
John Shelby steals 2nd base
0-1: Ball
1-1: Ball
2-1: Foul Ball, location: 2F
2-2: Foul Ball, location: 2F
2-2: Ball
3-2: Strikes out swinging
Bottom of the 6th over - 1 run, 2 hits, 0 errors, 1 left on base; Atlanta 4 - Pittsburgh 4
TOP OF THE 7TH
Atlanta Braves batting - Pitching for Pittsburgh Pirates : RHP Kelly Downs
Pitching: RHP Mark Lemongello
Batting: SHB Tony Fernandez 0-0: Ball
1-0: Called Strike
1-1: Called Strike
1-2: SINGLE (Groundball, 34D, EV 106.9 MPH)
Batting: LHB Leon Durham 0-0: Ball
1-0: Ground out U3 (Groundball, 34S, EV 70.0 MPH)
Tony Fernandez to second
Batting: LHB Bobby Murcer 0-0: Called Strike
0-1: Called Strike
0-2: Ball
1-2: Ball
2-2: Reached on error, E5 (Groundball, 56, EV 93.1 MPH)
Tony Fernandez to third
Batting: LHB Mike Scioscia 0-0: Called Strike
0-1: Foul Ball, location: 2F
0-2: Ball
1-2: Ball
2-2: Ball
3-2: Base on Balls
Bobby Murcer to second
Batting: LHB Mike Hargrove 0-0: Called Strike
0-1: Ball
1-1: Swinging Strike
1-2: Grounds into fielders choice 3-2 (Groundball, 3, EV 83.8 MPH)
Bobby Murcer to third
Mike Scioscia to second
Batting: LHB Joe L Morgan 0-0: Called Strike
0-1: Fly out, F9 (Line Drive, 9, EV 91.3 MPH)
Top of the 7th over - 0 runs, 1 hit, 1 error, 3 left on base; Atlanta 4 - Pittsburgh 4
BOTTOM OF THE 7TH
Pittsburgh Pirates batting - Pitching for Atlanta Braves : LHP Randy Lerch
Batting: RHB Dan Gladden 0-0: Foul Ball, location: 2F
0-1: Ground out 6-3 (Groundball, 56, EV 93.8 MPH)
Batting: SHB Chili Davis 0-0: Foul Ball, location: 2F
0-1: Fly out, F8 (Flyball, 8LD, EV 93.8 MPH)
Batting: RHB Rennie Stennett 0-0: Called Strike
0-1: Fly out, F9 (Line Drive, 9, EV 100.6 MPH)
Bottom of the 7th over - 0 runs, 0 hits, 0 errors, 0 left on base; Atlanta 4 - Pittsburgh 4
TOP OF THE 8TH
Atlanta Braves batting - Pitching for Pittsburgh Pirates : RHP Mark Lemongello
Batting: RHB Craig Kusick 0-0: Ball
1-0: Called Strike
1-1: Foul Ball, location: 2F
1-2: Strikes out swinging
Pinch Hitting: LHB Brett Butler 0-0: Fly out, F8 (Line Drive, 8LM, EV 85.6 MPH)
Batting: RHB Gil Flores 0-0: Ball
1-0: Ball
2-0: Ball
3-0: Called Strike
3-1: Base on Balls
Pitching: RHP Mike Smithson
Batting: SHB Tony Fernandez 0-0: Fielders Choice at 2nd, 5-4 (Groundball, 56, EV 79.4 MPH)
Top of the 8th over - 0 runs, 0 hits, 0 errors, 1 left on base; Atlanta 4 - Pittsburgh 4
BOTTOM OF THE 8TH
Pittsburgh Pirates batting - Pitching for Atlanta Braves : LHP Randy Lerch
Pitching: LHP Wilbur Wood
Batting: LHB Robert Lopez 0-0: Called Strike
0-1: Ground out 4-3 (Groundball, 4, EV 105.0 MPH)
Batting: LHB Greg Walker 0-0: Fly out, F8 (Line Drive, 8LD, EV 92.5 MPH)
Batting: RHB Mike C Brown 0-0: Ball
1-0: Foul Ball, location: 2F
1-1: Called Strike
1-2: SINGLE (Groundball, 5D, EV 94.4 MPH)
Batting: SHB John Shelby 0-0: Ball
1-0: Ball
2-0: Fly out, F7 (Flyball, 7LM, EV 76.3 MPH)
Bottom of the 8th over - 0 runs, 1 hit, 0 errors, 1 left on base; Atlanta 4 - Pittsburgh 4
TOP OF THE 9TH
Atlanta Braves batting - Pitching for Pittsburgh Pirates : RHP Mike Smithson
Batting: LHB Leon Durham 0-0: Ball
1-0: Ball
2-0: Ball
3-0: Base on Balls
Batting: LHB Bobby Murcer 0-0: Ball
1-0: Called Strike
1-1: Ball
2-1: Ball
3-1: Called Strike
3-2: 2-RUN HOME RUN (Flyball, 89XD, EV 108.8 MPH), Distance : 402 ft
Batting: LHB Mike Scioscia 0-0: Ball
1-0: Ground out 2-3 (Groundball, 2L, EV 71.3 MPH)
Batting: LHB Mike Hargrove 0-0: Swinging Strike
0-1: Ball
1-1: SINGLE (Groundball, 3D, EV 105.0 MPH)
Batting: LHB Joe L Morgan 0-0: Called Strike
0-1: Ball
1-1: Ball
2-1: Grounds into double play, 4-6-3 (Groundball, 4, EV 103.1 MPH)
Top of the 9th over - 2 runs, 2 hits, 0 errors, 0 left on base; Atlanta 6 - Pittsburgh 4
BOTTOM OF THE 9TH
Pittsburgh Pirates batting - Pitching for Atlanta Braves : LHP Wilbur Wood
Now at 3B: UL Washington
Batting: SHB Ron Oester 0-0: Ball
1-0: Called Strike
1-1: Ball
2-1: Foul Ball, location: 2F
2-2: Foul Ball, location: 2F
2-2: SINGLE (Groundball, 34D, EV 101.3 MPH)
Pinch Hitting: LHB Terry Whitfield 0-0: Foul Ball, location: 2F
0-1: SINGLE (Groundball, 4D, EV 103.1 MPH)
Ron Oester to second
Batting: RHB Dan Gladden 0-0: Bunted foul
0-1: Sac Bunt to 15S - play at first, batter OUT! 1-4
Ron Oester to third
Terry Whitfield to second
Batting: SHB Chili Davis 0-0: Fly out, F7 (Flyball, 7, EV 80.6 MPH)
Batting: RHB Rennie Stennett 0-0: Ground out 4-3 (Groundball, 4, EV 100.0 MPH)
Bottom of the 9th over - 0 runs, 2 hits, 0 errors, 2 left on base; Atlanta 6 - Pittsburgh 4
Monday, August 17th, 2020 - OOTP Baseball 21.5 Build 76